Map: Dreamcatcher LE

Players

Snute

  • Race: Zerg Zerg
  • Spawn Location: 5:00

Neeb - Winner!

  • Race: Protoss Protoss
  • Spawn Location: 11:00

Event: WCS Valencia 2018

VOD

Have the link to the VOD?

Description

Time

  • Played on: July 12, 2018, 2:08 p.m.
  • Length: 9:58

All games in this series

Show
View Real Time Build Order
Export as new Build Order

Snute Zerg 

Build Orders: Hatch First 

Get SALT Encoding   

  12  0:00  Drone  
  13  0:12  Overlord  
  13  0:17  Drone  
  14  0:30  Drone  
  15  0:47  Drone  
  15  0:49  Drone  
  17  0:52  Hatchery  
  17  0:55  Drone  
  17  0:59  Drone  
  18  1:09  Drone  
  18  1:11  Extractor  
  18  1:18  Spawning Pool  
  18  1:22  Drone  
  18  1:30  Drone  
  19  1:40  Overlord  
  19  1:51  Drone  
  20  2:03  Drone  
  20  2:06  Queen  
  20  2:07  Queen  
  25  2:16  Metabolic Boost  
  25  2:17  Drone x3  
  28  2:24  Drone  
  29  2:31  Drone  
  30  2:38  Zergling x4  
  30  2:41  Queen  
  34  2:46  Overlord  
  34  2:47  Zergling x2  
  35  2:58  Zergling x2  
  35  3:02  Overlord  
  36  3:07  Zergling x2  
  38  3:12  Drone  
  38  3:13  Hatchery  
  38  3:17  Zergling x6  
  39  3:21  Overlord  
  39  3:23  Overlord  
  38  3:32  Drone x2  
  39  3:36  Spore Crawler  
  39  3:41  Spore Crawler  
  36  3:43  Drone  
  36  3:44  Drone  
  38  3:49  Drone  
  38  3:50  Drone  
  38  3:51  Drone  
  40  4:00  Drone x2  
  42  4:03  Drone  
  42  4:06  Drone  
  42  4:08  Queen  
  46  4:15  Zergling x4  
  46  4:18  Queen  
  46  4:21  Zergling x6  
  51  4:26  Drone x2  
  51  4:29  Queen  
  55  4:38  Zergling x4  
  55  4:39  Zergling x2  
  55  4:44  Queen  
  59  4:49  Baneling Nest, Zergling x6  
  59  4:55  Zergling x6  
  60  5:03  Zergling x8  
  64  5:10  Zergling x6  
  63  5:19  Zergling x6  
  63  5:20  Overlord  
  66  5:24  Overlord  
  66  5:27  Overlord  
  66  5:32  Overlord  
  65  5:35  Baneling  
  65  5:36  Baneling x4  
  65  5:37  Baneling  
  65  5:38  Overlord  
  65  5:39  Drone x3  
  65  5:41  Drone  
  69  5:43  Drone  
  69  5:48  Baneling  
  70  5:57  Drone x7  
  66  5:58  Drone  
  66  6:01  Drone  
  73  6:11  Drone x5  
  70  6:14  Drone  
  70  6:15  Drone  
  70  6:16  Drone  
  70  6:17  Drone  
  75  6:23  Spore Crawler  
  75  6:24  Lair  
  74  6:28  Drone  
  74  6:29  Drone x2  
  74  6:32  Drone  
  78  6:34  Drone x2  
  78  6:37  Extractor  
  78  6:38  Roach Warren  
  78  6:39  Extractor  
  77  6:44  Drone x3  
  77  6:54  Zergling x2  
  76  6:55  Overlord  
  76  7:00  Zergling x2  
  76  7:01  Extractor  
  76  7:18  Roach  
  76  7:19  Roach x5  
  88  7:25  Roach  
  88  7:27  Roach x4  
  97  7:31  Zergling x2  
  97  7:35  Queen x3  
  97  7:36  Zergling x6  
  106  7:39  Ravager x2  
  107  7:44  Zergling x6  
  103  7:52  Zergling x4  
  95  7:59  Zergling x12  
  95  8:05  Zergling x8  
  90  8:10  Ravager, Queen x2  
  90  8:11  Queen  
  90  8:12  Ravager x2  
  92  8:16  Zergling x8  
  94  8:23  Zergling x10  
  94  8:24  Zergling x2  
  92  8:30  Zergling x2  
  92  8:31  Zergling x2  
  74  8:37  Zergling x2  
  74  8:41  Roach  
  69  8:46  Queen  
  69  8:47  Zergling x4  
  70  8:53  Roach  
  70  8:54  Roach x2  
  71  8:56  Zergling x2  
  68  9:04  Ravager  
  68  9:09  Zergling x4  
  70  9:14  Zergling x2  
  70  9:15  Ravager  
  70  9:17  Ravager x2  
  67  9:27  Zergling x2  
  67  9:28  Zergling x6  
  62  9:32  Zergling x4  
Show
View Real Time Build Order
Export as new Build Order

Neeb Protoss - Winner!

Build Orders: 1 Gate Expand, Oracle Opening, Phoenix Opening 

Get SALT Encoding   

  12  0:00  Probe  
  13  0:13  Probe, Pylon  
  14  0:21  Probe  
  15  0:31  Probe  
  16  0:39  Gateway  
  16  0:44  Probe  
  16  0:48  Assimilator  
  17  0:56  Probe  
  18  1:08  Probe  
  19  1:20  Probe  
  20  1:26  Nexus  
  20  1:31  Nexus  
  20  1:41  Cybernetics Core  
  20  1:44  Probe  
  21  1:51  Assimilator  
  21  1:56  Probe  
  21  1:59  Pylon  
  22  2:06  Probe  
  22  2:08  Adept  
  22  2:14  Probe  
  26  2:23  Probe  
  26  2:26  Stargate  
  26  2:28  Adept  
  27  2:35  Probe  
  30  2:40  Warp Gate  
  30  2:43  Probe  
  31  2:47  Probe  
  32  2:51  Adept  
  32  2:55  Probe  
  35  2:59  Probe  
  35  3:03  Phoenix  
  36  3:07  Probe  
  36  3:11  Probe  
  40  3:19  Probe  
  41  3:20  Pylon  
  41  3:23  Probe  
  42  3:30  Oracle  
  42  3:32  Probe  
  42  3:33  Assimilator  
  44  3:35  Probe, Assimilator  
  43  3:41  Probe  
  43  3:48  Probe  
  45  3:49  Probe  
  45  3:51  Pylon  
  45  3:52  Gateway  
  46  3:58  Gateway  
  46  4:00  Adept  
  47  4:05  Pylon  
  47  4:07  Oracle  
  47  4:08  Pylon  
  46  4:13  Probe x2  
  51  4:21  Gateway  
  51  4:26  Probe  
  51  4:28  Probe, Pylon  
  53  4:31  Robotics Facility  
  53  4:38  Probe  
  54  4:41  Probe  
  53  4:48  Oracle  
  53  4:50  Probe  
  53  4:53  Adept, Probe  
  53  4:58  Adept  
  56  5:02  Probe  
  56  5:05  Probe  
  58  5:14  Immortal, Probe  
  58  5:17  Probe  
  58  5:20  Pylon  
  64  5:28  Adept  
  64  5:29  Adept  
  64  5:32  Sentry  
  70  5:39  Shield Battery  
  70  5:40  Pylon  
  70  5:41  Shield Battery  
  70  5:44  Sentry  
  70  5:46  Shield Battery  
  72  5:52  Sentry  
  72  5:54  Immortal  
  72  5:55  Probe  
  72  6:07  Sentry  
  72  6:08  Stalker  
  75  6:13  Gateway  
  75  6:15  Gateway  
  75  6:16  Gateway  
  75  6:19  Sentry x2  
  75  6:24  Gateway  
  79  6:25  Warp Prism  
  79  6:29  Pylon  
  79  6:35  Sentry x2  
  85  6:47  Stalker x2  
  85  6:53  Pylon  
  89  6:57  Pylon  
  89  7:00  Pylon  
  89  7:05  Stalker x2  
  93  7:10  Pylon  
  93  7:11  Pylon  
  93  7:12  Pylon  
  93  7:26  Stalker x5  
  103  7:33  Stalker  
  103  7:35  Sentry  
  103  7:36  Stalker  
  107  7:55  Stalker x4  
  105  8:00  Warp Prism  
  105  8:01  Stalker  
  105  8:02  Stalker  
  105  8:05  Stalker x7  
  89  8:37  Stalker x3  
  89  8:38  Stalker x3  
  72  9:03  Zealot x8  
  86  9:28  Zealot x2  
  86  9:29  Zealot x4  
  78  9:34  Zealot x2  
  78  9:35  Zealot x5  
Tags
 
Add a new tag
Caveats
  • Supply blocks, unpowered buildings, or Contaminate may cause inaccurate times.
  • Supply counts are checked every 10 seconds.